 Dungeon Crawl Stone Soup version 0.23.2 (webtiles) character file.

Game seed: 12590403626297771685

54 Borgoz the Sneak (level 3, -5/26 HPs)
             Began as a Ghoul Enchanter on Apr 4, 2019.
             Slain by a gnoll
             ... wielding a +0 halberd
              (16 damage)
             ... on level 2 of the Dungeon.
             The game lasted 00:03:07 (1144 turns).

Borgoz the Sneak (Ghoul Enchanter)                  Turns: 1144, Time: 00:03:08

Health: -5/26      AC:  9    Str: 11    XL:     3   Next: 91%
Magic:  4/4        EV:  9    Int: 10    God:
Gold:   53         SH:  0    Dex: 10    Spells: 4/5 levels left

rFire    . . .     SeeInvis .   a - +1 dagger
rCold    + . .     Gourm    .   (no shield)
rNeg     + + +     Faith    .   h - +0 scale mail
rPois    ∞         Spirit   .   (no helmet)
rElec    .         Reflect  .   (no cloak)
rCorr    .         Harm     .   (no gloves)
MR       .....                  f - +2 pair of boots
Stlth    +.........             (no amulet)
HPRegen  0.00/turn              (no ring)
MPRegen  0.09/turn              (no ring)

@: flying, rotting
A: rotting body, claws 1, carnivore, cold resistance 1, negative energy
resistance 3, inhibited regeneration, torment resistance, unbreathing
a: no special abilities


You were on level 2 of the Dungeon.
You were not hungry.

You visited 1 branch of the dungeon, and saw 2 of its levels.

You collected 53 gold pieces.

Inventory:

Hand Weapons
 a - a +1 dagger (weapon)
Armour
 f - a +2 pair of boots (worn)
 h - a +0 scale mail (worn)
Scrolls
 e - a scroll of enchant weapon {unknown}
 j - a scroll of identify {unknown}
 k - 4 scrolls of remove curse {unknown}
Comestibles
 c - a chunk of flesh
 d - 2 rations


   Skills:
 + Level 2.3 Short Blades
 + Level 2.9 Dodging
 - Level 3.2 Stealth
 - Level 1.7 Spellcasting
 - Level 2.4 Hexes


You had 4 spell levels left.
You knew the following spells:

 Your Spells              Type           Power        Failure   Level  Hunger
a - Corona                Hex            #......      58%         1    ##.....

Your spell library contained the following spells:

 Spells                   Type           Power        Failure   Level  Hunger
 Ensorcelled Hibernation  Hex/Ice        #.....       88%         2    ###....
 Confuse                  Hex            #.......     92%         3    ####...
 Tukima's Dance           Hex            #.......     92%         3    ####...
 Dazzling Spray           Conj/Hex       #.....       98%         3    ####...


Dungeon Overview and Level Annotations

Branches:
Dungeon (2/15)

Altars:


Innate Abilities, Weirdness & Mutations

Your body is rotting away.
You thrive on raw meat.
You are immune to poison.
You have sharp fingernails.
You are carnivorous and can eat meat at any time.
Your flesh is cold resistant. (rC+)
You are immune to negative energy. (rN+++)
You do not regenerate when monsters are visible.
You are immune to unholy pain and torment.
You can survive without breathing.


Message History

The gnoll shouts!
You hear a shout!
A gnoll comes into view. It is wielding a +0 spear.
The gnoll closely misses you. The gnoll hits you with a +0 halberd.
You barely miss the gnoll.
A gnoll comes into view. It is wielding a +0 spear.
The gnoll hits you but does no damage.
A gnoll comes into view. It is wielding a +0 flail.
It was a potion of cancellation.
You feel magically purged.
The gnoll shouts!
The gnoll closely misses you. x2
It was a potion of curing.
You feel better. The gnoll hits you with a +0 halberd!
The gnoll hits you but does no damage.
It was a potion of flight.
You feel very buoyant.
You fly up into the air.
The gnoll hits you with a +0 halberd.
The gnoll hits you from afar with a +0 spear.
The gnoll hits you from afar with a +0 halberd!
Ouch! That really hurt!
You die...

####..#.# ##.......# #..
####..#÷..### #..
##....##...####...
#..#####.........# #.##
#...##.###g# ###.#
#÷#.####.gg# ##...#
##........g.#
#..######.......@.).#
....................#
#####...............####
#..<............[....
#...............####.
#...............#
#...............#
#...............#
######..........#


You could see 4 gnolls.

Vanquished Creatures
  An ooze (D:1)
  A worm (D:2)
  2 dart slugs (D:1)
  A leopard gecko (D:1)
  A ball python (D:1)
  8 goblins
  9 hobgoblins (D:1)
  2 bats (D:1)
  A frilled lizard (D:1)
  5 kobolds (D:1)
  11 rats
42 creatures vanquished.

Notes
Turn   | Place    | Note
-------+----------+-------------------------------------------
     0 | D:1      | Borgoz the Ghoul Enchanter began the quest for the Orb.
     0 | D:1      | Reached XP level 1. HP: 14/14 MP: 2/2
    27 | D:1      | Reached skill level 1 in Short Blades
   101 | D:1      | Reached XP level 2. HP: 12/20 MP: 3/3
   466 | D:1      | Reached XP level 3. HP: 11/26 MP: 4/4
  1144 | D:2      | Slain by a gnoll

Skill      XL: |  1  2  3 |
---------------+----------+-----
Short Blades   | 1 2 |  2.3
Dodging        | 2 |  2.9
Stealth        | |  3.2
Spellcasting   | |  1.7
Hexes          | |  2.4

Action                   || total
-------------------------++-------
Melee: Dagger            ||   186
  Use: Potion            ||     3
  Eat: Chunk             ||    12
Armor: Scale mail        ||    71
       Robe              ||     8
Dodge: Dodged            ||    91
